 Dungeon Crawl Stone Soup version 0.31.0-9-g3a7656b989 (webtiles) character file.

Game seed: 12140787652672851430

499 qw the Skirmisher (level 6, 0/36 HPs)
             Began as a Deep Elf Hunter on Feb 2, 2024.
             Incinerated by a bombardier beetle (2 damage)
             ... with a burning spray
             ... on level 4 of the Dungeon.
             The game lasted 00:00:11 (2270 turns).

qw the Skirmisher (Deep Elf Hunter)                 Turns: 2270, Time: 00:00:12

Health: 0/36       AC: 11    Str: 10    XL:     6   Next: 94%
Magic:  8/8        EV: 11    Int: 14    God:
Gold:   174        SH:  0    Dex: 18    Spells: 5/5 levels left

rFire   . . .        a - +0 shortbow
rCold   . . .        (shield currently unavailable)
rNeg    . . .        g - +0 ring mail
rPois   .            (no helmet)
rElec   .            h - +2 cloak
rCorr   .            e - +2 pair of gloves
SInv    .            (no boots)
Will    .....        (no amulet)
Stlth   +            (no ring)
HPRegen 0.26/turn    (no ring)
MPRegen 0.11/turn

%: no passive effects
@: on fire, glowing
A: no striking features
a: no special abilities


You were on level 4 of the Dungeon.
You visited 1 branch of the dungeon, and saw 4 of its levels.

You collected 234 gold pieces.
You spent 60 gold pieces at shops.


   Skills:
 - Level 2.7 Fighting
 - Level 10.0 Ranged Weapons
 - Level 1.0 Armour
 + Level 2.9 Dodging
 - Level 1.2 Stealth


You had 5 spell levels left.
You didn't know any spells.
Your spell library was empty.

Inventory:

Hand Weapons
 a - a +0 shortbow (weapon)
Armour
 e - a +2 pair of gloves (worn)
 g - a +0 ring mail (worn)
 h - a +2 cloak (worn)
Scrolls
 i - 5 scrolls of teleportation
Potions
 b - a potion of ambrosia {unknown}
 c - a potion of magic {unknown}
 d - 2 potions of cancellation
 f - a potion of invisibility {unknown}
 j - a potion of resistance {unknown}
 k - a potion of degeneration {unknown}
 l - a potion of mutation {unknown}
 m - a potion of berserk rage {unknown}

Dungeon Overview and Level Annotations

Branches:
Dungeon (4/15)
 Temple: D:4-7

Altars:
Xom

Shops:
D:2 *

Annotations:
D:3 3 runed translucent doors, qw's ghost, amateur SpHu


Message History

Things that are here:
a +0 club; a ball python corpse
i - 5 scrolls of teleportation (gained 1)
Found a stone staircase leading down.
A bombardier beetle comes into view.
Enter note:
Enter note: You shoot an arrow.
The arrow hits the bombardier beetle but does no damage.
You shoot an arrow. The arrow hits the bombardier beetle!
The bombardier beetle is heavily wounded.
You shoot an arrow.
The arrow barely misses the bombardier beetle.
You shoot an arrow. The arrow hits the bombardier beetle.
The bombardier beetle is almost dead.
The bombardier beetle sprays incendiary fluid at you.
The burning spray hits you.
You are covered in liquid fire!
You shoot an arrow. The arrow hits the bombardier beetle.
You kill the bombardier beetle!
The liquid fire burns you!
You are on fire!
The liquid fire burns you!
You are on fire!
The liquid fire burns you!
You are on fire!
The liquid fire burns you!
You are on fire!
The liquid fire burns you!
You are on fire!
The liquid fire burns you!
You are on fire!
The liquid fire burns you!
You are on fire!
The liquid fire burns you!
You are on fire!
The liquid fire burns you!
You are on fire!
The liquid fire burns you!
You die...

......... #.># .........
#..## ########..
.......##....###.. #
#... ............. #.#.
#..##.............
....%##..##.............
8.8..........##..##.####
...8 #@.....##..##.###
.....#...............#
#..................#
##.................#
#..#..##...........#
....######...........#
#... #...##..##..## #..
#...##..##..# #..
######........


There were no monsters in sight!

Vanquished Creatures
  Grinder (D:3)
  An ogre (D:4)
  A hound (D:4)
  A bombardier beetle (D:4)
  Terence (D:3)
  Natasha (thrice) (D:3)
  2 adders (D:2)
  A dart slug (D:2)
  5 orcs
  2 bats
  4 endoplasms
  A giant cockroach (D:3)
  11 goblins
  4 hobgoblins
  A quokka (D:2)
  7 ball pythons
  A frilled lizard (D:1)
  3 kobolds
  3 rats
53 creatures vanquished.

Notes
Turn   | Place    | Note
-------+----------+-------------------------------------------
     0 | D:1      | qw the Deep Elf Hunter began the quest for the Orb.
     0 | D:1      | Reached XP level 1. HP: 12/12 MP: 3/3
     0 | D:1      | 0 ||| qw: Version: 0.3-a-155-g5e7d8dd
     0 | D:1      | 0 ||| qw: Game counter: 1229
     0 | D:1      | 0 ||| qw: Melee chars always use a shield: true
     0 | D:1      | 0 ||| qw: God list: Okawaru
     0 | D:1      | 0 ||| qw: Allow faded altars: false
     0 | D:1      | 0 ||| qw: Do Orc after clearing Dungeon:15 true
     0 | D:1      | 0 ||| qw: Do second Lair branch before Depths: true
     0 | D:1      | 0 ||| qw: Lair rune preference: random
     0 | D:1      | 0 ||| qw: Goals: Normal
     0 | D:1      | 0 ||| PLANNING D:1-11
   108 | D:1      | Found a faded altar of an unknown god.
   126 | D:1      | Found a faded altar of an unknown god.
   233 | D:1      | Reached XP level 2. HP: 16/16 MP: 4/4
   326 | D:1      | Reached skill level 6 in Ranged Weapons
   434 | D:1      | 434 ||| UPGRADING to +0 pair of gloves.
   439 | D:1      | 439 ||| UPGRADING to +0 ring mail.
   449 | D:1      | 449 ||| DROPPING +0 leather armour.
   450 | D:1      | 450 ||| READING scroll labelled HIOQEITZIDE.
   454 | D:1      | 454 ||| READING scroll labelled WUM TIOVVIUFYU.
   454 | D:1      | 454 ||| IDENTIFYING pink potion
   455 | D:1      | 455 ||| DRINKING 2 cyan potions.
   456 | D:1      | 456 ||| DROPPING scroll of butterflies.
   783 | D:2      | Reached XP level 3. HP: 16/20 MP: 5/5
   958 | D:2      | Reached skill level 7 in Ranged Weapons
  1010 | D:2      | Found Zeidy's General Store.
  1025 | D:2      | 1025 ||| BUYING scroll of teleportation (30 gold).
  1025 | D:2      | Bought a scroll of teleportation for 30 gold pieces
  1025 | D:2      | 1025 ||| BUYING scroll of teleportation (30 gold).
  1025 | D:2      | Bought a scroll of teleportation for 30 gold pieces
  1079 | D:2      | Found a shimmering altar of Xom.
  1253 | D:2      | 1253 ||| READING scroll labelled AGAUFO ZAIFIU.
  1253 | D:2      | 1253 ||| ENCHANTING +0 pair of gloves.
  1254 | D:2      | 1254 ||| READING scroll labelled RENKOX SOWICRO.
  1255 | D:2      | 1255 ||| READING scroll labelled ZEERPH DEBUR.
  1277 | D:3      | 1277 ||| STAIRDANCE
  1398 | D:3      | Noticed Grinder
  1400 | D:3      | Paralysed by Grinder for 2 turns
  1414 | D:3      | HP: 2/20 [Grinder/nerve-wracking pain (8)]
  1415 | D:3      | 1415 ||| READING 2 scrolls of teleportation.
  1416 | D:3      | 1416 ||| DRINKING potion of heal wounds.
  1489 | D:3      | Found a runed translucent gate.
  1490 | D:3      | Found a runed translucent gate.
  1491 | D:3      | Found a runed translucent gate.
  1491 | D:3      | Noticed qw's ghost (amateur SpHu)
  1493 | D:3      | Identified the +8 whip of Sloth {spect, rElec Str+2 Int+3}
  1533 | D:3      | Noticed Natasha
  1541 | D:3      | Killed Natasha
  1542 | D:3      | Reached XP level 4. HP: 14/25 MP: 6/6
  1598 | D:3      | Noticed Terence
  1612 | D:3      | Killed Terence
  1613 | D:3      | Reached skill level 8 in Ranged Weapons
  1661 | D:3      | Noticed Natasha
  1663 | D:3      | Killed Natasha
  1664 | D:3      | Reached XP level 5. HP: 29/29 MP: 7/7
  1692 | D:3      | 1692 ||| READING scroll of enchant armour.
  1692 | D:3      | 1692 ||| ENCHANTING +1 pair of gloves.
  1767 | D:3      | Paralysed by Grinder for 5 turns
  1785 | D:3      | Paralysed by Grinder for 3 turns
  1792 | D:3      | Killed Grinder
  1793 | D:3      | Reached skill level 10 in Ranged Weapons
  1793 | D:3      | Reached XP level 6. HP: 32/34 MP: 8/8
  1874 | D:3      | Noticed Natasha
  1886 | D:3      | Killed Natasha
  1943 | D:3      | 1943 ||| UPGRADING to +2 cloak.
  2072 | D:4      | 2072 ||| FLEEEEING.
  2073 | D:4      | 2073 ||| FLEEEEING.
  2074 | D:4      | 2074 ||| STAIRDANCE
  2220 | D:4      | Reached skill level 1 in Armour
  2267 | D:4      | HP: 9/36 [burnt (6)]
  2268 | D:4      | HP: 4/36 [burnt (5)]
  2270 | D:4      | Incinerated by a bombardier beetle

Levels and vault maps discovered:
D:1:      psy_arrival_spokes, layout_rooms,
          hellmonk_ecumenical_altar_the_god_not_taken, st_stairs_5
D:2:      cheibrodos_helix_gallery, layout_basic, basic_altar, serial_shops,
          shop
D:3:      layout_rooms, biasface_ghost_orc_armoury, uniq_terence, uniq_grinder,
          uniq_natasha
D:4:      layout_gridville, zin_statuary, minivault_1,
          chequers_serial_rivers_micro_d, hangedman_abyss_or_decor_stabs,
          st_stairs_1

Skill      XL: |  1  2  3  4  5  6 |
---------------+-------------------+-----
Ranged Weapons | 6 7 8 10 | 10.0
Fighting       | 2 |  2.7
Armour         | 1 |  1.0
Dodging        | |  2.9
Stealth        | |  1.2

Action                     |  1- 3 |  4- 6 || total
---------------------------+-------+-------++-------
   Fire: Shortbow          |   115 |    97 ||   212
    Use: Scroll            |     6 |     1 ||     7
         Potion            |     2 |       ||     2
 Armour: Ring mail         |    41 |    30 ||    71
  Dodge: Dodged            |    43 |    17 ||    60

Table legend:
 A = Non-vault XP
 B = Vault XP
 C = Vault XP percentage of total XP
 D = Non-vault monster count
 E = Vault monster count
 F = Vault count percentage of total count
                 A         B        C        D         E       F
            +---------+---------+-------+---------+---------+-------
      Total |     370 |     344 |  48.2 |      45 |       8 |  15.1
            +---------+---------+-------+---------+---------+-------
        D:1 |      15 |       2 |  11.8 |      10 |       2 |  16.7
        D:2 |      52 |       6 |  10.3 |      14 |       2 |  12.5
        D:3 |      94 |     333 |  78.0 |      16 |       3 |  15.8
        D:4 |     209 |       3 |   1.4 |       5 |       1 |  16.7
            +---------+---------+-------+---------+---------+-------
